 Dungeon Crawl Stone Soup version 0.30.1-9-gdf580d7c3d (webtiles) character file.

Game seed: 2304309545797032935

249 eliilek the Basher (level 5, -6/45 HPs)
             Began as a Minotaur Berserker on Oct 11, 2023.
             Was a Believer of Trog.
             Mangled by an ogre
             ... wielding a +0 giant club
              (10 damage)
             ... on level 4 of the Dungeon.
             The game lasted 00:08:05 (2132 turns).

eliilek the Basher (Minotaur Berserker)             Turns: 2132, Time: 00:08:06

Health: -6/45      AC: 11    Str: 23    XL:     5   Next: 86%
Magic:  4/4        EV:  7    Int:  4    God:    Trog [**....]
Gold:   120        SH:  0    Dex: 10    Spells: 4/4 levels left

rFire   . . .        a - +0 flail
rCold   . . .        (no shield)
rNeg    . . .        g - +0 plate armour
rPois   .            (helmet restricted)
rElec   .            (no cloak)
rCorr   .            (no gloves)
SInv    .            (no boots)
Will    .....        (no amulet) Stlth
                     (no ring)
HPRegen 0.27/turn    (no ring)
MPRegen 0.09/turn

%: no passive effects
@: on berserk cooldown, slowed, very slow
A: horns 2, retaliatory headbutt
a: Renounce Religion, Berserk, Trog's Hand


You were on level 4 of the Dungeon.
You worshipped Trog.
Trog was pleased with you.
You visited 1 branch of the dungeon, and saw 4 of its levels.

You collected 120 gold pieces.

Inventory:

Hand Weapons
 a - a +0 flail (weapon)
 b - a +0 sling
Missiles
 k - 3 poisoned darts
Armour
 g - a +0 plate armour (worn)
Scrolls
 c - a scroll of silence {unknown}
 d - a scroll of noise {unknown}
 e - a scroll of torment {unknown}
 j - a scroll of vulnerability {unknown}
 l - a scroll of enchant armour {unknown}
 n - a scroll of identify {unknown}
Potions
 f - 2 potions of curing {unknown}
 h - a potion of brilliance {unknown}
 i - 2 potions of lignification {unknown}
 m - a potion of degeneration {unknown}
 o - a potion of flight {unknown}


   Skills:
 - Level 3.6 Fighting
 * Level 8.0 Maces & Flails
 - Level 2.4 Armour
 - Level 2.1 Dodging


You had 4 spell levels left.
You didn't know any spells.
Your spell library was empty.

Dungeon Overview and Level Annotations

Branches:
Dungeon (4/15)
 Temple: D:4-7

Altars:
Dithmenos


Innate Abilities, Weirdness & Mutations

You have a pair of horns on your head.
You reflexively headbutt those who attack you in melee.


Message History

Trog appreciates your killing of a magic user.
You climb upwards.
There is a stone staircase leading down here.
Okay, then.
Okay, then.
Okay, then.
You climb downwards.
The adder bites you but does no damage. The ogre barely misses you.
The adder bites you but does no damage.
There is a stone staircase leading up here.
A red film seems to cover your vision as you go berserk!
You feel yourself moving faster!
You feel mighty! The adder bites you. The ogre barely misses you.
You miss the adder. The adder bites you.
You closely miss the adder. The adder barely misses you.
The ogre hits you with a +0 giant club!!
You barely miss the adder. The adder bites you but does no damage.
You hit the adder.
The adder is moderately wounded.
The ogre hits you with a +0 giant club!!
* * * LOW HITPOINT WARNING * * *
The adder bites you but does no damage. The adder bites you but does no damage.
Things that are here:
a +0 robe; a +0 dagger; an orc corpse You feel a strong urge to attack something.
A goblin comes into view. It is wielding a +2 dagger of speed.
The adder bites you but does no damage.
You sock the adder!
You kill the adder!
Trog accepts your kill.
Your Maces & Flails skill increases to level 8!
You are no longer berserk.
You are exhausted.
You feel yourself slow down. The ogre closely misses you.
The ogre hits you with a +0 giant club.
* * * LOW HITPOINT WARNING * * *
Found a stone staircase leading down.
Found a purple potion.
The ogre attacks as you move away! The ogre hits you with a +0 giant club!
You die...

#≈.......##### #≈[..#
....#. #≈<..# .....
.##≈...####...#
≈.≈≈≈..........#.# .
.......##........#..
≈≈≈.≈≈≈..###...##.....
≈##.##≈..###.O##......
≈. #≈.###...@..# #≈
#≈## ##.....# #≈
.......## #.........
.!.>#####.. #..# .##
#.. .# ## ..


You could see an ogre.

Vanquished Creatures
  A howler monkey (D:3)
  An orc priest (D:3)
  An orc wizard (D:4)
  8 gnolls
  2 adders
  2 worms
  A dart slug (D:3)
  7 orcs (D:3)
  3 endoplasms (D:3)
  A giant cockroach (D:1)
  5 goblins
  4 hobgoblins
  4 quokkas
  5 ball pythons
  4 bats
  4 frilled lizards
  2 kobolds (D:3)
  2 rats
57 creatures vanquished.

Notes
Turn   | Place    | Note
-------+----------+-------------------------------------------
     0 | D:1      | eliilek the Minotaur Berserker began the quest for the Orb.
     0 | D:1      | Reached XP level 1. HP: 19/19 MP: 0/0
    41 | D:1      | You fall into a shaft and drop 1 floor!
   222 | D:1      | Reached skill level 4 in Maces & Flails
   370 | D:1      | Reached XP level 2. HP: 26/26 MP: 1/1
   876 | D:1      | Reached skill level 5 in Maces & Flails
   876 | D:1      | Reached XP level 3. HP: 21/31 MP: 2/2
  1229 | D:2      | Reached skill level 6 in Maces & Flails
  1229 | D:2      | Reached XP level 4. HP: 39/39 MP: 3/3
  1427 | D:3      | Found a shadowy altar of Dithmenos.
  1494 | D:3      | Reached skill level 7 in Maces & Flails
  1494 | D:3      | Reached XP level 5. HP: 26/45 MP: 4/4
  1496 | D:3      | Reached ** piety under Trog
  2109 | D:4      | Noticed an ogre
  2126 | D:4      | Reached skill level 8 in Maces & Flails
  2132 | D:4      | Mangled by an ogre

Illustrated notes

Levels and vault maps discovered:
D:1:      lemuel_arrival_hallway, layout_basic
D:2:      layout_rooms
D:3:      layout_loops_ring, grunt_dithmenos_smoke_and_mirrors, st_stairs_4,
          minmay_misc_feat_plants, grunt_ministairs_10
D:4:      black_bear_nest_2, layout_cave_pools, nicolae_overflow_two_pavilions,
          vehumet_altar_wand_db, minmay_manual_monolith, uniq_natasha

Skill      XL: |  1  2  3  4  5 |
---------------+----------------+-----
Maces & Flails | 4 5 6 7 8 |  8.0
Fighting       | |  3.6
Armour         | |  2.4
Dodging        | |  2.1

Action                     |  1- 3 |  4- 6 || total
---------------------------+-------+-------++-------
  Melee: Mace              |    30 |       ||    30
         Headbutt          |     6 |    10 ||    16
         Flail             |    23 |    66 ||    89
         Punch             |       |     1 ||     1
   Fire: Sling             |    11 |    15 ||    26
 Invoke: Berserk           |       |     1 ||     1
 Armour: Ring mail         |     3 |       ||     3
         Animal skin       |     1 |       ||     1
         Plate armour      |    15 |    47 ||    62
  Dodge: Dodged            |    31 |    24 ||    55
